 Dungeon Crawl Stone Soup version 0.20-a0-903-g7e3609c (webtiles) character file.

41 M4edhros the Sneak (level 3, -4/23 HPs)
             Began as an Octopode Artificer on Mar 21, 2017.
             Was an Initiate of Fedhas.
             Slain by a goblin (5 damage)
             ... led by Robin
             ... on level 3 of the Dungeon.
             The game lasted 00:01:56 (1022 turns).

M4edhros the Sneak (Octopode Artificer)             Turns: 1022, Time: 00:01:57

Health: -4/23      AC:  1    Str: 11    XL:     3   Next: 52%
Magic:  5/5        EV: 13    Int: 13    God:    Fedhas [......]
Gold:   48         SH:  0    Dex: 13    Spells: 2/2 levels left

rFire    . . .     SeeInvis .   i - +1 short sword (venom)
rCold    + . .     Gourm    .   (no shield)
rNeg     . . .     Faith    .   (helmet restricted)
rPois    .         Spirit   .   (no amulet)
rElec    .         Reflect  .   g - ring of protection from cold
rCorr    .         Harm     .   (no ring)
MR       .....                  (no ring)
Stlth    ++++......             (no ring)
Regen    0.1/turn               (no ring)
MPRegen  0.1/turn               (no ring)
                                (no ring)
                                (no ring)

@: no status effects
A: almost no armour, stealthy swim, amphibious, 8 rings, constrict 8, camouflage
1, gelatinous body 1
a: Fungal Bloom, Renounce Religion


You were on level 3 of the Dungeon.
You worshipped Fedhas.
Fedhas was noncommittal.
You were not hungry.

You visited 1 branch of the dungeon, and saw 4 of its levels.

You collected 48 gold pieces.

Inventory:

Hand Weapons
 a - a +0 short sword
 i - a +1 short sword of venom (weapon)
Jewellery
 g - a ring of protection from cold (left tentacle)
Wands
 b - a wand of flame (15/48)
 c - a wand of enslavement (8/24)
 d - a wand of random effects (10/48)
Scrolls
 h - a scroll of identify {unknown}
Potions
 e - a potion of ambrosia {unknown}
 j - a potion of haste {unknown}
Comestibles
 f - 2 bread rations
 k - a royal jelly
 l - 3 chunks of flesh
 m - 8 fruits


   Skills:
 - Level 1.0 Fighting
 - Level 1.0 Short Blades
 - Level 2.0 Dodging
 + Level 4.8 Stealth
 - Level 3.2 Evocations


You had 2 spell levels left.
You didn't know any spells.

Dungeon Overview and Level Annotations

Branches:
Dungeon (4/15)
 Temple: D:4-7

Altars:
Fedhas

Annotations:
D:3 Robin
D:4 Zaque's ghost, novice OgHu


Innate Abilities, Weirdness & Mutations

You cannot wear most types of armour.
You are very stealthy in the water. (Stealth+)
You are amphibious.
You can wear up to eight rings at the same time.
You can use your tentacles to constrict eight enemies at once.
Your skin changes colour to match your surroundings (Stealth+).
Your rubbery body absorbs attacks. (AC +1, EV +1)


Message History

Press: ? - help, Shift-Dir - straight line, f - goblin
Aim: a goblin (chance to defeat MR: 72%)
The goblin struggles to resist.
This wand has 9 charges left.
The goblin barely misses you.
Robin roars a battlecry!
The goblins go into a battle-frenzy!
The goblin closely misses you.
Okay, then.
Evoke which item? (* to show all) (? for menu, Esc to quit)
Aiming: Enslavement
Press: ? - help, Shift-Dir - straight line, f - goblin
Aim: a goblin (unusually strong, chance to defeat MR: 72%)
The goblin struggles to resist.
This wand has 8 charges left.
The goblin hits you.
* * * LOW HITPOINT WARNING * * *
The goblin hits you.
* * * LOW HITPOINT WARNING * * *
The goblin hits you.
You die...
Fedhas appreciates your contribution to the ecosystem.

########.#.#
...........#
########...########
#.#.##............
#...##.#........#
#.##.#.##.#....###.#
#.##......#......#
#.##...####...##g#
#.##...# #...##@#
#.##...####...##g#
#.#...........##S#
#.#...........##)#
...............gg#
#.#.#####....###.#
........#.........
..รท................
#.....#.#...#####...


You could see Robin, an adder and 3 goblins.

Vanquished Creatures
  A worker ant (D:4)
  2 orcs
  4 goblins
  3 hobgoblins
  A quokka (D:3)
  2 frilled lizards (D:3)
  2 rats (D:2)
15 creatures vanquished.

Vanquished Creatures (collateral kills)
  A hobgoblin (D:2)
1 creature vanquished.

Vanquished Creatures (others)
  A goblin (D:3)
1 creature vanquished.

Grand Total: 17 creatures vanquished

Notes
Turn   | Place    | Note
-------+----------+-------------------------------------------
     0 | D:1      | M4edhros the Octopode Artificer began the quest for the Orb.
     0 | D:1      | Reached XP level 1. HP: 13/13 MP: 3/3
   209 | D:2      | Reached skill level 2 in Stealth
   411 | D:3      | Reached XP level 2. HP: 18/18 MP: 4/4
   431 | D:3      | Reached skill level 3 in Stealth
   559 | D:4      | Reached skill level 4 in Stealth
   559 | D:4      | Reached XP level 3. HP: 23/23 MP: 5/5
   814 | D:4      | Noticed Zaque's ghost (novice OgHu)
   882 | D:3      | Found a blossoming altar of Fedhas.
   896 | D:3      | Noticed an oklob plant
   903 | D:3      | Became a worshipper of Fedhas Madash
  1009 | D:3      | Noticed Robin
  1022 | D:3      | HP: 1/23 [goblin[Robin] (3)]
  1022 | D:3      | Slain by a goblin

Vault maps used:
D:1:      wheals_arrival_linesprint, minivault_4, cheibriados_altar_1
D:2:      lemuel_doored_altar
D:3:      tgw_fedhas, lemuel_old_faithful, uniq_robin
D:4:      first_bread

Skill      XL: |  1  2 |
---------------+-------+-----
Stealth        | 2 4 |  4.8
Fighting       | |  1.0
Short Blades   | |  1.0
Dodging        | |  2.0
Evocations     | |  3.2

Action                   || total
-------------------------++-------
Melee: Short sword       ||    24
       Constrict         ||     6
       Tentacles         ||     2
Evoke: Wand              ||    12
 Stab: Sleeping          ||     5
Armor: Skin              ||     4
Dodge: Dodged            ||    19
